 Dungeon Crawl Stone Soup version 0.23.2-1-ga50397a6bc (webtiles) character file.

Game seed: 15630617415697003980

35 Peloso the Skirmisher (level 3, -1/33 HPs)
             Began as a Minotaur Fighter on Apr 14, 2019.
             Succumbed to Sigmund's poison
             ... on level 3 of the Dungeon.
             The game lasted 00:01:33 (1667 turns).

Peloso the Skirmisher (Minotaur Fighter)            Turns: 1667, Time: 00:01:34

Health: -1/33      AC:  7    Str: 25    XL:     3   Next: 17%
Magic:  2/2        EV:  9    Int:  5    God:
Gold:   142        SH: 10    Dex: 10    Spells: 2/2 levels left

rFire    . . .     SeeInvis .   a - +0 long sword
rCold    . . .     Gourm    .   c - +0 shield
rNeg     . . .     Faith    .   b - +0 scale mail
rPois    .         Spirit   .   (helmet restricted)
rElec    .         Reflect  .   (no cloak)
rCorr    .         Harm     .   (no gloves)
MR       .....                  (no boots)
Stlth    ..........             (no amulet)
HPRegen  0.11/turn              i - +2 ring of evasion
MPRegen  0.08/turn              (no ring)

@: mighty, lethally poisoned (-1 -> -23)
A: retaliatory headbutt, horns 2
a: no special abilities


You were on level 3 of the Dungeon.
You were not hungry.

You visited 1 branch of the dungeon, and saw 3 of its levels.

You collected 142 gold pieces.

Inventory:

Hand Weapons
 a - a +0 long sword (weapon)
Armour
 b - a +0 scale mail (worn)
 c - a +0 shield (worn)
Jewellery
 i - a +2 ring of evasion (left hand)
Wands
 l - a wand of paralysis (7)
Scrolls
 e - 3 scrolls of teleportation {unknown}
 h - 4 scrolls of identify {unknown}
 k - a scroll of enchant weapon {unknown}
Potions
 g - a potion of flight {unknown}
 j - a potion of curing {unknown}
 m - a potion of lignification {unknown}
 n - a potion of berserk rage {unknown}
Comestibles
 f - 4 rations


   Skills:
 + Level 4.1 Fighting
 + Level 3.1 Long Blades
 + Level 4.1 Armour
 + Level 0.1 Dodging
 + Level 0.1 Stealth
 + Level 3.9 Shields


You had 2 spell levels left.
You didn't know any spells.
Your spell library was empty.

Dungeon Overview and Level Annotations

Branches:
Dungeon (3/15)

Altars:
Qazlal

Annotations:
D:3 Sigmund


Innate Abilities, Weirdness & Mutations

You reflexively headbutt those who attack you in melee.
You have a pair of horns on your head.


Message History

You block something's attack.
You miss something. You block something's attack.
You miss something.
You feel sick.
You closely miss something. You headbutt something!
You feel sick. You block something's attack.
You closely miss something. Your headbutt misses something.
You feel sick. You block something's attack.
You closely miss something. Something hits you!
* * * LOW HITPOINT WARNING * * *
You are more poisoned.
You barely miss something. Your headbutt misses something.
* * * LOW HITPOINT WARNING * * *
You feel sick. Something hits you.
* * * LOW HITPOINT WARNING * * *
Your shield and scale mail prevent you from hitting something.
* * * LOW HITPOINT WARNING * * *
You feel sick. Something hits you but does no damage.
You are more poisoned.
You closely miss something.
You die...

#.......#.#.........#
##.......#.#.......#.#
#........'.#.......#.####.
#.......)###..............
#........#........###.##..
#........#.#.###<.....##..
#........#.#.# #####...#..
#....#.###{# #.#.#.#
#....#.#.@.# #.#...#
#....#.#.##### ..##...
#....#.#.....# .######..#
#...[#.......# .........#
#....#.........#########..
######.######### ######..
#.# ......... #.#
....##### #.. .. #


There were no monsters in sight!

Vanquished Creatures
  An adder (D:2)
  A worm (D:2)
  A dart slug (D:1)
  2 bats (D:2)
  A giant cockroach (D:2)
  4 goblins
  2 hobgoblins (D:1)
  3 kobolds
  A ball python (D:1)
  2 frilled lizards
  5 rats
23 creatures vanquished.

Notes
Turn   | Place    | Note
-------+----------+-------------------------------------------
     0 | D:1      | Peloso the Minotaur Fighter began the quest for the Orb.
     0 | D:1      | Reached XP level 1. HP: 19/19 MP: 0/0
   206 | D:1      | You fall through a shaft!
   216 | D:2      | Reached XP level 2. HP: 25/27 MP: 1/1
   999 | D:2      | Found a stormy altar of Qazlal.
  1180 | D:1      | Reached XP level 3. HP: 33/33 MP: 2/2
  1654 | D:3      | Noticed Sigmund
  1666 | D:3      | HP: 1/33 [poisoned by Sigmund]
  1667 | D:3      | Succumbed to Sigmund's poison

Skill      XL: |  1  2 |
---------------+-------+-----
Fighting       | 4 |  4.1
Armour         | 4 |  4.1
Long Blades    | 3 |  3.1
Dodging        | |  0.1
Stealth        | |  0.1
Shields        | |  3.9

Action                   || total
-------------------------++-------
Melee: Long sword        ||    53
       Headbutt          ||     6
  Use: Potion            ||     1
  Eat: Chunk             ||     2
Armor: Scale mail        ||    18
Dodge: Dodged            ||    12
Block: Shield            ||    22
       Rpst.: Long sword ||     6
